 Dungeon Crawl Stone Soup version 0.23-a0-448-g1c01f63 (webtiles) character file.

53 Dfrag the Firebug (level 3, 0/28 HPs)
             Began as a Naga Fire Elementalist on Nov 19, 2018.
             Slain by a hobgoblin
             ... wielding a +0 club
             ... led by Robin
              (4 damage)
             ... on level 1 of the Dungeon.
             The game lasted 00:02:45 (1065 turns).

Dfrag the Firebug (Naga Fire Elementalist)          Turns: 1065, Time: 00:02:46

Health: 0/28       AC:  2    Str: 15    XL:     3   Next: 89%
Magic:  0/7        EV: 10    Int: 16    God:
Gold:   64         SH:  0    Dex: 11    Spells: 6/7 levels left

rFire    . . .     SeeInvis +   (no weapon)
rCold    . . .     Gourm    .   (no shield)
rNeg     . . .     Faith    .   a - +0 robe
rPois    +         Spirit   .   (no helmet)
rElec    .         Reflect  .   (no cloak)
rCorr    .         Harm     .   (no gloves)
MR       .....                  (no barding)
Stlth    ++........             (no amulet)
HPRegen  0.09/turn              (no ring)
MPRegen  0.10/turn              (no ring)

@: mighty, very slow
A: large, see invisible, deformed body, poison resistance, slowness 2, slow
metabolism 1, spit poison 1, AC +1
a: Spit Poison


You were on level 1 of the Dungeon.
You were hungry.

You visited 1 branch of the dungeon, and saw 2 of its levels.

You collected 64 gold pieces.

Inventory:

Armour
 a - a +0 robe (worn)
Jewellery
 b - an uncursed amulet of magic regeneration {unknown}
 g - an uncursed ring of positive energy {unknown}
Scrolls
 d - 3 scrolls of remove curse {unknown}
 e - 2 scrolls of fear {unknown}
 i - 2 scrolls of fog {unknown}
 j - 2 scrolls of teleportation {unknown}
Potions
 h - a potion of flight {unknown}
 l - a potion of degeneration {unknown}
Comestibles
 c - 2 rations
 k - 3 chunks of flesh


   Skills:
 - Level 1.5 Dodging
 - Level 3.0 Stealth
 + Level 2.7 Spellcasting
 + Level 2.1 Conjurations
 + Level 3.6 Fire Magic


You had 6 spell levels left.
You knew the following spells:

 Your Spells              Type           Power        Failure   Level  Hunger
a - Flame Tongue          Conj/Fire      ##...        6%          1    #......

Your spell library contained the following spells:

 Spells                   Type           Power        Failure   Level  Hunger
 Throw Flame              Conj/Fire      ##....       9%          2    ##.....
 Conjure Flame            Conj/Fire      ##......     19%         3    ###....
 Inner Flame              Hex/Fire       #.......     26%         3    ###....
 Sticky Flame             Conj/Fire      ##......     52%         4    #####..
 Fireball                 Conj/Fire      ##........   86%         5    ######.


Dungeon Overview and Level Annotations

Branches:
Dungeon (2/15)

Altars:

Annotations:
D:1 Robin


Innate Abilities, Weirdness & Mutations

You cannot wear boots.
Your serpentine skin is tough. (AC +1)
You have supernaturally acute eyesight. (SInv)
Armour fits poorly on your strangely shaped body.
Your system is resistant to poisons. (rPois)
You cover ground very slowly.
You have a slow metabolism.
You can spit poison.


Message History

Aim: a goblin, wielding a +0 club (unusually strong)
The flame tongue misses the goblin.
Robin closely misses you. The hobgoblin hits you.
* * * LOW HITPOINT WARNING * * *
The goblin barely misses you.
Unknown command.
Casting: Flame Tongue (safe; 6% risk of failure)
Confirm with . or Enter, or press ? or * to list all spells.
Aiming: Flame Tongue (safe; 6% risk of failure)
Press: ? - help, Shift-Dir - straight line, f/p - goblin
Aim: a goblin, wielding a +0 club (unusually strong)
The flame tongue hits the goblin.
You kill the goblin!
The hobgoblin barely misses you. Robin barely misses you.
The hobgoblin barely misses you.
Unknown command.
It was a potion of might.
You feel very mighty all of a sudden. The hobgoblin hits you with a +0 club.
You die...

#..............#.#
#..#.#######.#...# #..#.#
#.#...######## #..#.#
#............#
#..#.#######)......####.#
##...................# #.#
#...#.##.#.##.......####.#
#....>..###.)gg..........# #
#.((..##.#.##@#...######## #
##.....##..##g##.## #
#.............##.# #
#.......#..#####)####### #
#.).....#..#...........#######
##.....##.....†..)...........#
#....###.##.###.#####.#######
#.#.## #....# #.#####.#####..
#.#.# ###### #....##.....#.8


You could see Robin and 2 hobgoblins.

Vanquished Creatures
  2 leopard geckos (D:1)
  3 bats (D:1)
  A giant cockroach (D:1)
  9 goblins
  9 hobgoblins
  4 jackals (D:1)
  8 kobolds
  A quokka (D:2)
  6 rats (D:1)
43 creatures vanquished.

Notes
Turn   | Place    | Note
-------+----------+-------------------------------------------
     0 | D:1      | Dfrag the Naga Fire Elementalist began the quest for the
                  | Orb.
     0 | D:1      | Reached XP level 1. HP: 15/15 MP: 3/3
    68 | D:1      | Reached XP level 2. HP: 22/22 MP: 0/5
   282 | D:1      | Reached XP level 3. HP: 23/28 MP: 6/6
   680 | D:2      | Noticed Robin
  1065 | D:1      | Slain by a hobgoblin

Vault maps used:
D:1:      ncdulo_halloftheorcs
D:2:      uniq_robin

Skill      XL: |  1  2  3 |
---------------+----------+-----
Conjurations   | 2 |  2.1
Dodging        | |  1.5
Stealth        | |  3.0
Spellcasting   | |  2.7
Fire Magic     | |  3.6

Action                   || total
-------------------------++-------
Melee: Unarmed           ||    18
 Cast: Flame Tongue      ||    53
 Abil: Spit Poison       ||    18
  Use: Potion            ||     1
 Stab: Sleeping          ||     1
  Eat: Chunk             ||     1
Armor: Robe              ||    13
Dodge: Dodged            ||    50

Table legend:
 A = Non-vault XP
 B = Vault XP
 C = Vault XP percentage of total XP
 D = Non-vault monster count
 E = Vault monster count
 F = Vault count percentage of total count
                 A         B        C        D         E       F
            +---------+---------+-------+---------+---------+-------
      Total |      71 |       6 |   7.8 |      39 |       4 |   9.3
            +---------+---------+-------+---------+---------+-------
        D:1 |      55 |       5 |   8.3 |      31 |       3 |   8.8
        D:2 |      16 |       1 |   5.9 |       8 |       1 |  11.1
            +---------+---------+-------+---------+---------+-------
